 Dungeon Sprint DCSS version 0.17-b1-36-g7b1967c (webtiles) character file.

204823 hexophile the Slayer (level 19, -5/221 (222) HPs)
             Began as a Naga Fighter on Nov 6, 2015.
             Was the Champion of Makhleb.
             Killed from afar by a hellion (29 damage)
             ... with a burst of hellfire
             ... in the Dungeon (Sprint V: "Ziggurat Sprint").
             The game lasted 00:16:11 (2015 turns).

hexophile the Slayer (Naga Fighter)                 Turns: 2015, Time: 00:16:11

HP:   -5/221 (222)  AC: 43    Str: 25    XL:     19   Next: 9%
MP:   34/34         EV:  2    Int:  6    God:    Makhleb [******]
Gold: 0             SH: 34    Dex:  8    Spells: 0 memorised, 18 levels left

rFire  + + .     SeeInvis +     m - +5 broad axe (drain)
rCold  + + .     Clarity  .     e - +5 gold dragon armour {rC+ rF+ rPois}
rNeg   + + .     SustAt   .     M - +18 shield of the gong {rElec rN+ MR+ EV-5}
rPois  +         Gourm    .     g - +0 mask of the Dragon {MR+ Slay+3 SInv}
rElec  +         Spirit   .     R - +1 cloak {MR+} {MR+}
rCorr  +         Warding  .     I - +3 pair of gauntlets of War {Slay+5}
rMut   .         NoTele   +     Q - +0 naga barding of Uskupn {+Blink rN+ rCorr Dex-3}
MR     +++++                    s - amulet "Xood" {rCorr +Inv rC+ Str+2}
Stlth  ..........               K - +4 ring of slaying
                                S - ring of Butra {rF+ Slay+3}

@: very slightly contaminated, hasted, quick, almost entirely resistant to
hostile enchantments, extremely unstealthy
A: see invisible, deformed body, dopey 2, poison resistance, screaming 1,
slowness 2, slow metabolism 1, spit poison 2, weak 1, no device heal 1, subdued
magic 1, constrict 1, AC +6
a: Spit Poison, Minor Destruction, Lesser Servant of Makhleb, Major Destruction,
Greater Servant of Makhleb, Renounce Religion, Evoke Blink, Evoke Invisibility


You were in the Dungeon.
You worshipped Makhleb.
Makhleb was exalted by your worship.
You were full.

You visited 1 branch


Innate Abilities, Weirdness & Mutations

You cannot wear boots.
Your serpentine skin is tough (AC +6).
You have supernaturally acute eyesight.
Armour fits poorly on your strangely shaped body.
Your system is resistant to poisons.
You cover ground very slowly.
You have a slow metabolism.
You can spit poison.
You can use your snake-like lower body to constrict enemies.
You are very dopey. (Int -4)
You occasionally shout uncontrollably at your foes.
You are weak. (Str -2)
Potions and wands are less effective at restoring your health.
Your spells are a little easier to cast, but a little less powerful.

Inventory:

Hand Weapons
 m - a +5 broad axe of draining (weapon)
 F - the cursed +0 falchion "Giantslayer" {freeze, Dex+3}
   (You took it off a draconian caller in the Dungeon)

   It has been specially enchanted to freeze those struck by it, causing extra
   injury to most foes and up to half again as much damage against particularly
   susceptible opponents.
   It can also slow down cold-blooded creatures.
   It affects your dexterity (+3).
   It has a curse placed upon it.
Armour
 e - a +5 gold dragon armour (worn) {rC+ rF+ rPois}
 g - the +0 mask of the Dragon (worn) {MR+ Slay+3 SInv}
   (You found it in the Dungeon)

   It affects your accuracy and damage with ranged weapons and melee attacks
   (+3).
   It affects your resistance to hostile enchantments.
   It lets you see invisible.
 l - a +3 large shield
 I - the +3 pair of gauntlets of War (worn) {Slay+5}
   (You found it in the Dungeon)

   It affects your accuracy and damage with ranged weapons and melee attacks
   (+5).
 M - the +18 shield of the gong (worn) {rElec rN+ MR+ EV-5}
   (You found it in the Dungeon)

   It affects your evasion (-5).
   It insulates you from electricity.
   It protects you from negative energy.
   It affects your resistance to hostile enchantments.
 Q - the +0 naga barding of Uskupn (worn) {+Blink rN+ rCorr Dex-3}
   (You found it in the Dungeon)

   It affects your dexterity (-3).
   It protects you from negative energy.
   It lets you blink.
   It protects you from acid and corrosion.
 R - a +1 cloak of magic resistance (worn) {MR+}
Jewellery
 s - the amulet "Xood" (around neck) {rCorr +Inv rC+ Str+2}
   (You found it in the Dungeon)

   [amulet of resist corrosion]

   It protects you from acid and corrosion.
   It affects your strength (+2).
   It protects you from cold.
   It lets you turn invisible.
 K - a +4 ring of slaying (right hand)
 S - the ring of Butra (left hand) {rF+ Slay+3}
   (You found it in the Dungeon)

   [ring of protection from fire]

   It affects your accuracy and damage with ranged weapons and melee attacks
   (+3).
   It protects you from fire.
 T - the amulet "Upti" {Ward rN+ MP+9}
   (You found it in the Dungeon)

   [amulet of warding]

   It may prevent the melee attacks of summoned creatures.
   It protects you from negative energy.
   It affects your magic capacity (+9).
Wands
 c - a wand of disintegration (7)
 y - a wand of fire (5)
 C - a wand of cold (5)
 D - a wand of draining (5)
Scrolls
 p - 4 scrolls of recharging
 q - 2 scrolls of fog
 t - 5 scrolls of identify
 u - 5 scrolls of remove curse
 G - 4 scrolls of enchant weapon
 H - 2 scrolls of fear
 J - 4 scrolls of enchant armour
Potions
 d - 3 potions of might {Str+5 DMG+1d10}
 h - 2 potions of haste
 i - 7 potions of magic
 j - 3 potions of berserk rage
 w - 2 potions of brilliance {Archmagi Int+5 Wiz++}
 z - 3 potions of resistance {rF+ rC+ rPois rElec rCorr}
 B - 8 potions of agility {Stlth+ Dex+5 EV+5}
 E - 10 potions of curing
Miscellaneous
 a - a phial of floods
 b - a sack of spiders {used: 2}
 f - a fan of gales
 v - a disc of storms
 A - a lamp of fire
 L - a box of beasts {used: 6}
 N - an ornate deck of defence {drawn: 1}
 P - a plain deck of destruction
Comestibles
 n - 42 fruits
 o - 2 meat rations
 r - 5 bread rations


You had 18 spell levels left.
You didn't know any spells.


   Skills:
 * Level 25.7 Fighting
 * Level 25.4 Axes
 - Level 20.3 Armour
 - Level 21.0 Dodging
 - Level 21.1 Shields
 * Level 23.6 Evocations

Dungeon Overview and Level Annotations

Branches:
Dungeon (1/1)

Altars:
Ashenzari
Cheibriados
Dithmenos
Elyvilon
Fedhas
Gozag
Kikubaaqudgha
Makhleb
Nemelex Xobeh
Okawaru
Qazlal
Ru
Sif Muna
Trog
Vehumet
Xom
Yredelemnul
Zin
The Shining One
Beogh
Jiyva
Lugonu

Vault maps used:
D:        sprint_v
You       could see a bone dragon, a reaper, a phantasmal warrior, 5 rust
          devils, a freezing wraith, a hellion, 3 tormentors, a blue devil, a
          vampire, an adder zombie, 2 giant cockroach zombies and a bat
          skeleton.


Message History

A rust devil and a phantasmal warrior come into view.
You lost 14 HP.
You have now: 11/221 HP.
Unknown command.
Read which item? (? for menu, Esc to quit)
Okay, then.
Read which item? (? for menu, Esc to quit)
Okay, then.
Drink which item? (? for menu, Esc to quit)
You feel yourself speed up.
You constrict the hell hound.
You kill the hell hound!
Makhleb accepts your kill.
The tormentor calls on the powers of darkness!
Your body is wracked with pain!
* * * LOW HITPOINT WARNING * * *
You block the iron imp's attack.
PANG!
You are very lightly contaminated with residual magic.
A bone dragon, a hellion and a zombie come into view.
You shout at the bone dragon!
You lost 2 HP.
You have now: 9/221 HP.
You slice the tormentor!! Your grab misses the tormentor.
The tormentor is severely wounded.
You hit the iron imp.
The iron imp is moderately wounded.
The tormentor shouts, "I'll tear you apart!"
A blue devil and a zombie come into view.
You shout at the giant cockroach zombie!
Unknown command.
Your gold dragon armour prevents you from hitting the tormentor.
You grab the tormentor.
The tormentor is severely wounded.
You slice the iron imp!!
You kill the iron imp!
Makhleb accepts your kill.
You feel better.
You constrict the tormentor, but do no damage.
You block the tormentor's attack.
BONNNG!
You block the tormentor's attack.
BONNNG!
The phantasmal warrior blinks!
The tormentor calls on the powers of darkness!
Your body is wracked with pain!
* * * LOW HITPOINT WARNING * * *
You slice the tormentor!!
You kill the tormentor!
Makhleb accepts your kill.
You feel better. The hellion gestures at you.
The hellfire explodes!
The burst of hellfire engulfs you!
You die...

Action                   |  1- 3 |  4- 6 |  7- 9 | 10-12 | 13-15 | 16-18 | 19-21 || total
-------------------------+-------+-------+-------+-------+-------+-------+-------++-------
Melee: Broad axe         |    12 |     6 |    20 |    96 |   192 |   317 |    40 ||   683
Evoke: Sack of spiders   |       |       |       |     4 |       |       |       ||     4
       Deck              |       |       |       |       |     5 |     9 |       ||    14
       Fan of gales      |       |       |       |       |     1 |     3 |       ||     4
       Lamp of fire      |       |       |       |       |       |     1 |       ||     1
       Box of beasts     |       |       |       |       |       |     6 |       ||     6
       Disc of storms    |       |       |       |       |       |     1 |       ||     1
  Use: Potion            |     1 |     1 |     3 |     4 |     9 |     6 |     1 ||    25
       Scroll            |       |       |     2 |     2 |     7 |     2 |     4 ||    17
 Stab: Distracted        |       |       |       |     1 |       |       |       ||     1
       Invisible         |       |       |       |       |       |    23 |       ||    23
  Eat: Meat ration       |       |       |       |       |     2 |       |       ||     2

Notes
Turn   | Place    | Note
--------------------------------------------------------------
     0 | D        | hexophile the Naga Fighter began the quest for the Orb.
     0 | D        | Reached XP level 1. HP: 21/21 MP: 1/1
     0 | D        | Found an iron altar of Okawaru.
     0 | D        | Found a radiant altar of Vehumet.
     0 | D        | Found a burning altar of Makhleb.
     0 | D        | Found a shimmering altar of Xom.
     0 | D        | Found a deep blue altar of Sif Muna.
    15 | D        | Found a corrupted altar of Lugonu.
    15 | D        | Found a white marble altar of Elyvilon.
    15 | D        | Found a roughly hewn altar of Beogh.
    15 | D        | Found a sparkling altar of Nemelex Xobeh.
    15 | D        | Found a viscous altar of Jiyva.
    15 | D        | Found a bloodstained altar of Trog.
    44 | D        | Became a worshipper of Makhleb the Destroyer
    89 | D        | Reached skill level 7 in Axes
    89 | D        | Reached XP level 2. HP: 28/28 MP: 2/2
    94 | D        | Entered arena 1.
    94 | D        | Noticed a crimson imp
    99 | D        | Killed a crimson imp
    99 | D        | Reached skill level 8 in Axes
    99 | D        | Reached XP level 3. HP: 33/36 MP: 3/3
   104 | D        | Entered arena 2.
   104 | D        | Noticed a water moccasin
   107 | D        | Reached * piety under Makhleb
   107 | D        | Reached skill level 4 in Fighting
   112 | D        | Killed a water moccasin
   112 | D        | Reached ** piety under Makhleb
   112 | D        | Reached skill level 6 in Fighting
   112 | D        | Reached skill level 10 in Axes
   112 | D        | Reached XP level 4. HP: 40/48 MP: 4/4
   112 | D        | Reached XP level 5. HP: 45/55 MP: 5/5
   149 | D        | Entered arena 3.
   149 | D        | Noticed a hell hound
   149 | D        | Noticed a hell hound
   149 | D        | Noticed a hell hound
   153 | D        | Killed a hell hound
   153 | D        | Reached skill level 11 in Axes
   153 | D        | Reached XP level 6. HP: 34/63 MP: 6/6
   155 | D        | Killed a hell hound
   155 | D        | Reached skill level 7 in Fighting
   155 | D        | Reached skill level 12 in Axes
   156 | D        | Killed a hell hound
   156 | D        | Reached *** piety under Makhleb
   156 | D        | Reached skill level 8 in Fighting
   156 | D        | Reached XP level 7. HP: 36/74 MP: 7/7
   170 | D        | Entered arena 4.
   170 | D        | Noticed a necrophage
   170 | D        | Noticed a phantom
   170 | D        | Noticed a phantom
   173 | D        | Killed a phantom
   173 | D        | Reached skill level 13 in Axes
   174 | D        | Killed a phantom
   177 | D        | Killed a necrophage
   177 | D        | Reached **** piety under Makhleb
   177 | D        | Reached skill level 9 in Fighting
   182 | D        | Identified the Volume of Destructive Toxins
   186 | D        | Entered arena 5.
   186 | D        | Noticed a hellwing
   186 | D        | Noticed a sun demon
   186 | D        | Noticed an ice devil
   186 | D        | Noticed a blue devil
   193 | D        | Killed a blue devil
   193 | D        | Reached skill level 14 in Axes
   193 | D        | Reached XP level 8. HP: 49/86 MP: 8/8
   197 | D        | Killed a sun demon
   197 | D        | Reached skill level 10 in Fighting
   197 | D        | Reached skill level 15 in Axes
   197 | D        | Killed a hellwing
   197 | D        | Reached ***** piety under Makhleb
   197 | D        | Reached skill level 11 in Fighting
   197 | D        | Reached XP level 9. HP: 67/97 MP: 9/9
   199 | D        | Killed an ice devil
   199 | D        | Reached skill level 16 in Axes
   205 | D        | Got the ring of the Frog {rC+ Dex+4}
   207 | D        | Entered arena 6.
   207 | D        | Noticed a guardian mummy
   207 | D        | Noticed a mummy priest
   207 | D        | Noticed a mummy priest
   207 | D        | Noticed a mummy priest
   208 | D        | Noticed a phantasmal warrior
   216 | D        | Killed a guardian mummy
   216 | D        | Reached skill level 12 in Fighting
   216 | D        | Reached skill level 17 in Axes
   218 | D        | Killed a mummy priest
   218 | D        | Reached XP level 10. HP: 58/109 MP: 10/10
   221 | D        | Noticed a phantasmal warrior
   223 | D        | Killed a mummy priest
   223 | D        | Reached skill level 13 in Fighting
   223 | D        | Reached skill level 18 in Axes
   223 | D        | Noticed a soul eater
   226 | D        | Killed a mummy priest
   254 | D        | Entered arena 7.
   254 | D        | Noticed a wight
   254 | D        | Noticed a phantom
   254 | D        | Noticed a phantom
   254 | D        | Noticed a wight
   254 | D        | Noticed a necrophage
   257 | D        | Killed a necrophage
   257 | D        | Killed a wight
   257 | D        | Reached skill level 19 in Axes
   260 | D        | Killed a wight
   260 | D        | Reached ****** piety under Makhleb
   265 | D        | Killed a phantom
   268 | D        | Killed a phantom
   275 | D        | Got the +1 broad axe of Inflation {chop, +Rage Dex+4}
   278 | D        | Got the amulet of Sasuejesh {Gourm -Tele rN+++ Str+5}
   281 | D        | Entered arena 8.
   281 | D        | Noticed a jelly
   281 | D        | Noticed a shining eye
   281 | D        | Noticed a jelly
   281 | D        | Noticed a shining eye
   281 | D        | Gained mutation: Your spells are a little easier to cast, but a little less powerful. [a shining eye]
   282 | D        | Paralysed by a giant eyeball for 4 turns
   287 | D        | Killed a jelly
   287 | D        | Killed a jelly
   291 | D        | Killed a shining eye
   294 | D        | Killed a shining eye
   294 | D        | Reached skill level 14 in Fighting
   300 | D        | Entered arena 9.
   300 | D        | Noticed a hippogriff
   300 | D        | Noticed a centaur
   300 | D        | Noticed a hippogriff
   300 | D        | Noticed a merfolk
   300 | D        | Noticed a merfolk
   300 | D        | Noticed a hippogriff
   300 | D        | Noticed a hippogriff
   304 | D        | Killed a merfolk
   304 | D        | Killed a hippogriff
   307 | D        | Killed a hippogriff
   307 | D        | Reached XP level 11. HP: 120/120 MP: 11/11
   307 | D        | Killed a hippogriff
   309 | D        | Killed a centaur
   311 | D        | Killed a hippogriff
   311 | D        | Reached skill level 20 in Axes
   316 | D        | Killed a merfolk
   325 | D        | Entered arena 10.
   325 | D        | Noticed a jelly
   325 | D        | Noticed a golden eye
   325 | D        | Noticed a jelly
   325 | D        | Noticed a slime creature
   325 | D        | Noticed a jelly
   325 | D        | Noticed a shining eye
   325 | D        | Noticed an eye of draining
   327 | D        | Paralysed by a giant eyeball for 3 turns
   329 | D        | Gained mutation: You are dopey. (Int -2) [a shining eye]
   330 | D        | Killed a jelly
   332 | D        | Killed a golden eye
   332 | D        | Killed a jelly
   333 | D        | Killed a jelly
   334 | D        | Killed an eye of draining
   334 | D        | Reached skill level 1 in Dodging
   334 | D        | Paralysed by a giant eyeball for 3 turns
   335 | D        | Gained mutation: You occasionally shout uncontrollably at your foes. [a shining eye]
   338 | D        | Killed a shining eye
   338 | D        | Reached skill level 3 in Armour
   338 | D        | Reached skill level 3 in Shields
   340 | D        | Killed a slime creature
   340 | D        | Reached skill level 2 in Dodging
   347 | D        | Entered arena 11.
   347 | D        | Noticed a yaktaur captain
   347 | D        | Noticed a yaktaur
   347 | D        | Noticed a vault guard
   347 | D        | Noticed a vault guard
   347 | D        | Noticed a shadow dragon
   348 | D        | Noticed a shadow dragon
   348 | D        | Noticed a lich
   348 | D        | Noticed a stone giant
   348 | D        | Noticed a vault guard
   358 | D        | Killed a vault guard
   358 | D        | Reached skill level 15 in Fighting
   358 | D        | Reached skill level 4 in Armour
   358 | D        | Reached skill level 3 in Dodging
   358 | D        | Reached skill level 4 in Shields
   361 | D        | Noticed a vault guard
   366 | D        | Noticed an Ice Fiend
   366 | D        | Killed a shadow dragon
   366 | D        | Reached skill level 5 in Armour
   366 | D        | Reached skill level 4 in Dodging
   366 | D        | Reached skill level 5 in Shields
   366 | D        | Killed a shadow dragon
   366 | D        | Reached skill level 5 in Dodging
   369 | D        | Noticed a large abomination
   369 | D        | Noticed a tentacled monstrosity
   369 | D        | Killed a yaktaur captain
   369 | D        | Reached skill level 6 in Armour
   369 | D        | Reached skill level 6 in Shields
   369 | D        | Killed a vault guard
   369 | D        | Reached skill level 6 in Dodging
   369 | D        | Reached XP level 12. HP: 128/133 MP: 12/12
   371 | D        | Killed a vault guard
   371 | D        | Reached skill level 16 in Fighting
   373 | D        | Killed a lich
   373 | D        | Reached skill level 7 in Armour
   373 | D        | Reached skill level 7 in Dodging
   373 | D        | Reached skill level 7 in Shields
   374 | D        | Killed a vault guard
   374 | D        | Reached skill level 8 in Armour
   374 | D        | Reached skill level 8 in Shields
   377 | D        | Killed a stone giant
   378 | D        | Killed a yaktaur
   378 | D        | Reached skill level 8 in Dodging
   385 | D        | Got the amulet "Xood" {rCorr +Inv rC+ Str+2}
   389 | D        | Entered arena 12.
   389 | D        | Noticed a water nymph
   389 | D        | Noticed a snapping turtle
   389 | D        | Noticed a merfolk
   389 | D        | Noticed a merfolk aquamancer
   389 | D        | Noticed a merfolk
   389 | D        | Noticed a merfolk javelineer
   389 | D        | Noticed a satyr
   389 | D        | Noticed a merfolk impaler
   391 | D        | Noticed a water elemental
   391 | D        | Noticed a cyclops
   394 | D        | Noticed a merfolk javelineer
   396 | D        | Killed a merfolk
   398 | D        | Killed a water nymph
   399 | D        | Killed a snapping turtle
   400 | D        | Killed a merfolk aquamancer
   403 | D        | Killed a water elemental
   403 | D        | Reached skill level 17 in Fighting
   404 | D        | Killed a cyclops
   404 | D        | Reached skill level 9 in Armour
   404 | D        | Reached skill level 9 in Shields
   404 | D        | Killed a merfolk
   405 | D        | Killed a merfolk javelineer
   405 | D        | Killed a merfolk javelineer
   405 | D        | Reached skill level 9 in Dodging
   409 | D        | Killed a satyr
   409 | D        | Gained mutation: You can use your snake-like lower body to constrict enemies. [Naga growth]
   409 | D        | Reached XP level 13. HP: 144/144 MP: 13/13
   412 | D        | Killed a merfolk impaler
   423 | D        | Entered arena 13.
   425 | D        | Noticed a vampire
   427 | D        | Killed a vampire
   428 | D        | Noticed an ancient lich
   432 | D        | Noticed a lich
   434 | D        | Noticed a skeletal warrior
   434 | D        | Noticed a skeletal warrior
   435 | D        | Noticed a ghoul
   439 | D        | Noticed a shadow
   443 | D        | Killed a lich
   443 | D        | Reached skill level 10 in Armour
   443 | D        | Reached skill level 10 in Shields
   445 | D        | Noticed a wight
   448 | D        | Killed a wight
   449 | D        | Killed an ancient lich
   449 | D        | Reached skill level 18 in Fighting
   449 | D        | Reached skill level 11 in Armour
   449 | D        | Reached skill level 10 in Dodging
   449 | D        | Reached skill level 11 in Shields
   450 | D        | Noticed a ghoul
   455 | D        | Killed a ghoul
   455 | D        | Reached skill level 11 in Dodging
   458 | D        | Killed a ghoul
   459 | D        | Noticed a shadow
   461 | D        | Killed a skeletal warrior
   462 | D        | Killed a skeletal warrior
   462 | D        | Killed a shadow
   463 | D        | Killed a shadow
   477 | D        | Entered arena 14.
   478 | D        | Noticed a quasit
   478 | D        | Noticed a quasit
   478 | D        | Noticed a tormentor
   478 | D        | Noticed an iron imp
   478 | D        | Noticed a small abomination
   479 | D        | Noticed a hellwing
   479 | D        | Noticed a small abomination
   479 | D        | Noticed an ancient lich
   479 | D        | Noticed a small abomination
   480 | D        | Noticed a wight
   481 | D        | Killed a small abomination
   482 | D        | Killed a small abomination
   482 | D        | Killed a quasit
   483 | D        | Killed a tormentor
   483 | D        | Killed a quasit
   485 | D        | Killed a small abomination
   486 | D        | Killed a wight
   488 | D        | Killed an iron imp
   489 | D        | Killed a hellwing
   491 | D        | Killed an ancient lich
   491 | D        | Reached skill level 19 in Fighting
   491 | D        | Reached skill level 12 in Armour
   491 | D        | Reached skill level 12 in Dodging
   491 | D        | Reached skill level 12 in Shields
   491 | D        | Reached XP level 14. HP: 156/159 MP: 14/14
   499 | D        | Entered arena 15.
   500 | D        | Noticed a demonic crawler
   500 | D        | Noticed a moth of wrath
   500 | D        | Noticed an orb spider
   500 | D        | Noticed a hornet
   500 | D        | Noticed a tarantella
   500 | D        | Noticed a hornet
   500 | D        | Noticed an orb spider
   501 | D        | Noticed a spider
   501 | D        | Noticed a jumping spider
   501 | D        | Noticed a wolf spider
   501 | D        | Noticed a wolf spider
   501 | D        | Noticed a jumping spider
   502 | D        | Noticed a boulder beetle
   502 | D        | Noticed a wasp
   503 | D        | Killed a tarantella
   504 | D        | Killed a jumping spider
   506 | D        | Killed a hornet
   506 | D        | Killed a spider
   506 | D        | Killed a hornet
   506 | D        | Killed a wolf spider
   508 | D        | Killed a demonic crawler
   508 | D        | Killed a wasp
   509 | D        | Killed a moth of wrath
   511 | D        | Killed a wolf spider
   511 | D        | Killed a jumping spider
   521 | D        | Killed a boulder beetle
   523 | D        | Killed an orb spider
   529 | D        | Killed an orb spider
   552 | D        | Entered arena 16.
   558 | D        | Noticed a vampire mage
   558 | D        | Noticed a shadow
   558 | D        | Noticed a shadow
   558 | D        | Noticed a vampire mage
   564 | D        | Killed a shadow
   566 | D        | Killed a shadow
   566 | D        | Reached skill level 13 in Shields
   567 | D        | Noticed a wight
   567 | D        | Noticed a shadow
   567 | D        | Noticed a wight
   567 | D        | Noticed a skeletal warrior
   567 | D        | Noticed a skeletal warrior
   568 | D        | Noticed a vampire mage
   568 | D        | Noticed a necromancer
   573 | D        | Killed a vampire mage
   573 | D        | Reached skill level 13 in Armour
   577 | D        | Killed a vampire mage
   582 | D        | Killed a skeletal warrior
   584 | D        | Killed a necromancer
   587 | D        | Killed a shadow
   589 | D        | Killed a wight
   590 | D        | Killed a vampire mage
   590 | D        | Reached skill level 13 in Dodging
   595 | D        | Killed a wight
   597 | D        | Killed a skeletal warrior
   599 | D        | Got the +4 whip "Arbiter" {flame, rN+ SInv}
   616 | D        | Entered arena 17.
   616 | D        | Noticed a wolf
   619 | D        | Killed a wolf
   621 | D        | Noticed a spriggan druid
   621 | D        | Noticed a spriggan defender
   621 | D        | Noticed a hornet
   622 | D        | Noticed a spriggan defender
   624 | D        | Killed a hornet
   625 | D        | Noticed a yak
   625 | D        | Killed a spriggan druid
   626 | D        | Noticed a spriggan air mage
   626 | D        | Noticed a wolf spider
   627 | D        | Noticed a satyr
   628 | D        | Noticed a hornet
   628 | D        | Noticed a spriggan berserker
   629 | D        | Noticed a spriggan air mage
   630 | D        | Noticed a faun
   630 | D        | Killed a spriggan defender
   630 | D        | Reached skill level 20 in Fighting
   632 | D        | Noticed a dryad
   633 | D        | Noticed a spriggan air mage
   634 | D        | Killed a spriggan defender
   635 | D        | Killed a wolf spider
   637 | D        | Noticed a thorn hunter
   637 | D        | Killed a dryad
   638 | D        | Killed a spriggan air mage
   639 | D        | Killed a spriggan air mage
   641 | D        | Killed a spriggan air mage
   643 | D        | Killed a hornet
   644 | D        | Killed a spriggan berserker
   645 | D        | Killed a thorn hunter
   645 | D        | Reached skill level 14 in Armour
   645 | D        | Reached skill level 14 in Shields
   646 | D        | Killed a yak
   647 | D        | Killed a faun
   651 | D        | Killed a satyr
   661 | D        | Got the ring "Qatsefex" {Int+3 SInv}
   665 | D        | Got the +0 naga barding of Uskupn {+Blink rN+ rCorr Dex-3}
   679 | D        | Entered arena 18.
   687 | D        | Noticed a guardian mummy
   687 | D        | Noticed a guardian mummy
   687 | D        | Noticed a mummy priest
   687 | D        | Noticed a greater mummy
   687 | D        | Noticed a guardian mummy
   687 | D        | Noticed a greater mummy
   698 | D        | Killed a guardian mummy
   698 | D        | Reached skill level 14 in Dodging
   701 | D        | Killed a guardian mummy
   704 | D        | Noticed a greater mummy
   704 | D        | Noticed a greater mummy
   704 | D        | Killed a mummy priest
   704 | D        | Reached skill level 1 in Evocations
   705 | D        | Noticed a guardian mummy
   705 | D        | Noticed a greater mummy
   705 | D        | Noticed a greater mummy
   706 | D        | Noticed a guardian mummy
   706 | D        | Killed a guardian mummy
   706 | D        | Reached skill level 2 in Evocations
   707 | D        | Noticed a mummy priest
   717 | D        | Killed a greater mummy
   717 | D        | Reached skill level 4 in Evocations
   717 | D        | Reached XP level 15. HP: 38/170 MP: 15/18
   721 | D        | Noticed an emperor scorpion
   722 | D        | Noticed a death scarab
   723 | D        | Noticed an emperor scorpion
   724 | D        | Entered arena 19.
  1073 | D        | Noticed a black mamba
  1073 | D        | Noticed a wyvern
  1073 | D        | Noticed a komodo dragon
  1073 | D        | Noticed an iguana
  1073 | D        | Noticed an iguana
  1073 | D        | Noticed a porcupine
  1073 | D        | Noticed a yak
  1073 | D        | Noticed a hippogriff
  1073 | D        | Noticed a blink frog
  1073 | D        | Noticed a blink frog
  1074 | D        | Noticed a komodo dragon
  1074 | D        | Noticed a spiny frog
  1074 | D        | Noticed a blink frog
  1074 | D        | Noticed a yak
  1074 | D        | Noticed a spiny frog
  1074 | D        | Noticed a death yak
  1074 | D        | Noticed a fire crab
  1074 | D        | Noticed a wyvern
  1074 | D        | Noticed a porcupine
  1074 | D        | Noticed a komodo dragon
  1074 | D        | Noticed a komodo dragon
  1076 | D        | Killed a black mamba
  1077 | D        | Killed a wyvern
  1077 | D        | Reached skill level 5 in Evocations
  1077 | D        | Killed a porcupine
  1079 | D        | Killed a blink frog
  1080 | D        | Killed a blink frog
  1081 | D        | Killed a komodo dragon
  1081 | D        | Killed an iguana
  1082 | D        | Killed a spiny frog
  1082 | D        | Killed an iguana
  1083 | D        | Killed a wyvern
  1083 | D        | Killed a porcupine
  1084 | D        | Killed a yak
  1085 | D        | Killed a komodo dragon
  1086 | D        | Killed a hippogriff
  1086 | D        | Killed a spiny frog
  1088 | D        | Killed a death yak
  1088 | D        | Reached skill level 6 in Evocations
  1089 | D        | Killed a komodo dragon
  1089 | D        | Killed a yak
  1089 | D        | Reached skill level 15 in Shields
  1090 | D        | Killed a fire crab
  1090 | D        | Reached skill level 15 in Armour
  1092 | D        | Killed a komodo dragon
  1094 | D        | Killed a blink frog
  1124 | D        | Got the ring of Butra {rF+ Slay+3}
  1136 | D        | Got the ring of Adayvol {rN+ Str+4}
  1143 | D        | Entered arena 20.
  1149 | D        | Noticed a titan
  1149 | D        | Noticed a cyclops
  1149 | D        | Noticed a frost giant
  1150 | D        | Noticed a fire giant
  1150 | D        | Noticed a stone giant
  1150 | D        | Noticed an ettin
  1150 | D        | Noticed a stone giant
  1150 | D        | Noticed a hill giant
  1150 | D        | Noticed a cyclops
  1150 | D        | Noticed a cyclops
  1151 | D        | Noticed a fire giant
  1159 | D        | Noticed an ettin
  1159 | D        | Noticed a frost giant
  1163 | D        | Killed a frost giant
  1163 | D        | Reached skill level 7 in Evocations
  1165 | D        | Noticed an ettin
  1167 | D        | Noticed a hill giant
  1167 | D        | Noticed a stone giant
  1167 | D        | Noticed an ettin
  1167 | D        | Noticed an ettin
  1168 | D        | Noticed a frost giant
  1168 | D        | Noticed a frost giant
  1168 | D        | Noticed a fire giant
  1169 | D        | Noticed a hill giant
  1169 | D        | Killed a cyclops
  1170 | D        | Noticed a fire giant
  1174 | D        | Noticed a cyclops
  1176 | D        | Noticed a titan
  1177 | D        | Killed a hill giant
  1177 | D        | Reached skill level 15 in Dodging
  1178 | D        | Killed a fire giant
  1178 | D        | Killed a stone giant
  1180 | D        | Killed a fire giant
  1180 | D        | Reached skill level 8 in Evocations
  1180 | D        | Killed a titan
  1181 | D        | Killed a stone giant
  1182 | D        | Killed a frost giant
  1182 | D        | Reached skill level 9 in Evocations
  1184 | D        | Killed a frost giant
  1185 | D        | Killed an ettin
  1185 | D        | Killed an ettin
  1186 | D        | Killed a fire giant
  1186 | D        | Reached skill level 16 in Armour
  1186 | D        | Reached skill level 16 in Shields
  1186 | D        | Reached skill level 10 in Evocations
  1188 | D        | Killed a hill giant
  1189 | D        | Killed a fire giant
  1189 | D        | Killed a hill giant
  1191 | D        | Killed a stone giant
  1191 | D        | Reached skill level 16 in Dodging
  1192 | D        | Killed a frost giant
  1192 | D        | Killed an ettin
  1192 | D        | Reached skill level 11 in Evocations
  1194 | D        | Killed an ettin
  1195 | D        | Killed a cyclops
  1195 | D        | Killed an ettin
  1195 | D        | Killed a cyclops
  1199 | D        | Killed a titan
  1199 | D        | Reached XP level 16. HP: 180/180 MP: 22/24
  1200 | D        | Killed a cyclops
  1225 | D        | Got the +11 great mace of Division {crush, rPois Str-2 Int+2 Dex-4}
  1231 | D        | Entered arena 21.
  1240 | D        | Noticed an azure jelly
  1240 | D        | Noticed an azure jelly
  1240 | D        | Noticed a shining eye
  1240 | D        | Noticed a golden eye
  1240 | D        | Gained mutation: You are weak. (Str -2) [a shining eye]
  1246 | D        | Noticed an acid blob
  1246 | D        | Noticed an eye of devastation
  1246 | D        | Killed a golden eye
  1246 | D        | Noticed a slime creature
  1246 | D        | Noticed a slime creature
  1246 | D        | Noticed a slime creature
  1247 | D        | Noticed a slime creature
  1247 | D        | Noticed a death ooze
  1247 | D        | Noticed a jelly
  1247 | D        | Noticed a slime creature
  1248 | D        | Killed an azure jelly
  1249 | D        | Noticed a slime creature
  1249 | D        | Noticed a slime creature
  1249 | D        | Noticed a great orb of eyes
  1249 | D        | Noticed an eye of devastation
  1250 | D        | Noticed a slime creature
  1250 | D        | Noticed a death ooze
  1250 | D        | Noticed a slime creature
  1250 | D        | Noticed an eye of devastation
  1252 | D        | Noticed a giant orange brain
  1252 | D        | Killed an azure jelly
  1252 | D        | Reached skill level 17 in Armour
  1252 | D        | Reached skill level 12 in Evocations
  1253 | D        | Killed a shining eye
  1254 | D        | Noticed a slime creature
  1254 | D        | Noticed an azure jelly
  1254 | D        | Noticed an eye of draining
  1254 | D        | Noticed a shining eye
  1257 | D        | Killed an acid blob
  1257 | D        | Reached skill level 17 in Shields
  1258 | D        | Killed a death ooze
  1265 | D        | Killed a death ooze
  1268 | D        | Killed a great orb of eyes
  1268 | D        | Reached skill level 17 in Dodging
  1270 | D        | Killed a slime creature
  1272 | D        | Noticed a death ooze
  1272 | D        | Killed an azure jelly
  1272 | D        | Reached skill level 13 in Evocations
  1275 | D        | Killed a slime creature
  1275 | D        | Killed a death ooze
  1275 | D        | Killed a shining eye
  1275 | D        | Reached skill level 18 in Armour
  1276 | D        | Killed an eye of devastation
  1279 | D        | Killed a giant orange brain
  1281 | D        | Killed an eye of devastation
  1283 | D        | Killed a jelly
  1283 | D        | Killed an eye of draining
  1285 | D        | Killed a large slime creature
  1285 | D        | Killed a slime creature
  1286 | D        | Killed a slime creature
  1287 | D        | Killed a slime creature
  1287 | D        | Paralysed by a giant eyeball for 3 turns
  1291 | D        | Killed a slime creature
  1294 | D        | Killed a slime creature
  1294 | D        | Killed a slime creature
  1297 | D        | Killed an eye of devastation
  1315 | D        | Entered arena 22.
  1328 | D        | Noticed a mottled draconian
  1328 | D        | Noticed a mottled draconian
  1328 | D        | Noticed a red draconian
  1328 | D        | Noticed a red draconian
  1328 | D        | Noticed a yellow draconian scorcher
  1329 | D        | Noticed a purple draconian knight
  1329 | D        | Noticed a mottled draconian
  1329 | D        | Noticed a green draconian
  1329 | D        | Noticed a red draconian
  1329 | D        | Noticed a purple draconian
  1329 | D        | Noticed a mottled draconian
  1329 | D        | Noticed a red draconian
  1329 | D        | Noticed a yellow draconian
  1330 | D        | Noticed a red draconian caller
  1330 | D        | Noticed a white draconian
  1330 | D        | Noticed a red draconian
  1330 | D        | Noticed a white draconian
  1331 | D        | Noticed a yellow draconian
  1331 | D        | Noticed a mottled draconian
  1331 | D        | Identified a +4 rod of the swarm (4/9)
  1332 | D        | Noticed a green draconian
  1334 | D        | Noticed a purple draconian
  1334 | D        | Noticed a black draconian
  1334 | D        | Noticed a black draconian
  1335 | D        | Noticed a mottled draconian
  1335 | D        | Noticed a purple draconian monk
  1335 | D        | Noticed a red draconian
  1335 | D        | Noticed a red draconian
  1336 | D        | Noticed a purple draconian
  1336 | D        | Noticed a red draconian
  1336 | D        | Noticed a mottled draconian
  1337 | D        | Noticed a red draconian
  1337 | D        | Noticed a mottled draconian annihilator
  1342 | D        | Noticed a white draconian
  1342 | D        | Killed a red draconian
  1342 | D        | Killed a mottled draconian
  1344 | D        | Killed a yellow draconian
  1346 | D        | Killed a white draconian
  1346 | D        | Reached skill level 14 in Evocations
  1348 | D        | Killed a red draconian caller
  1352 | D        | Killed a green draconian
  1355 | D        | Killed a purple draconian
  1357 | D        | Killed a mottled draconian
  1357 | D        | Killed a green draconian
  1357 | D        | Reached skill level 18 in Shields
  1358 | D        | Killed a red draconian
  1358 | D        | Reached skill level 19 in Armour
  1358 | D        | Killed a mottled draconian
  1358 | D        | Reached skill level 18 in Dodging
  1361 | D        | Killed a yellow draconian scorcher
  1362 | D        | Killed a yellow draconian
  1362 | D        | Killed a white draconian
  1362 | D        | Reached skill level 15 in Evocations
  1362 | D        | Killed a red draconian
  1367 | D        | Killed a mottled draconian
  1368 | D        | Killed a mottled draconian
  1369 | D        | Killed a white draconian
  1370 | D        | Killed a purple draconian
  1371 | D        | Killed a black draconian
  1373 | D        | Killed a red draconian
  1374 | D        | Killed a purple draconian monk
  1375 | D        | Killed a purple draconian
  1376 | D        | Killed a red draconian
  1376 | D        | Reached skill level 16 in Evocations
  1377 | D        | Killed a red draconian
  1377 | D        | Reached XP level 17. HP: 187/187 MP: 27/29
  1380 | D        | Killed a mottled draconian
  1381 | D        | Killed a mottled draconian annihilator
  1387 | D        | Killed a black draconian
  1387 | D        | Reached skill level 19 in Shields
  1387 | D        | Killed a red draconian
  1392 | D        | Killed a mottled draconian
  1400 | D        | Killed a red draconian
  1400 | D        | Reached skill level 20 in Armour
  1400 | D        | Reached skill level 19 in Dodging
  1410 | D        | Killed a red draconian
  1413 | D        | Killed a purple draconian knight
  1415 | D        | Got the cursed +0 falchion "Giantslayer" {freeze, Dex+3}
  1433 | D        | Entered arena 23.
  1446 | D        | Noticed a tormentor
  1446 | D        | Noticed an ice dragon
  1447 | D        | Noticed a freezing wraith
  1447 | D        | Noticed a freezing wraith
  1447 | D        | Noticed an ice dragon
  1447 | D        | Noticed a tormentor
  1447 | D        | Noticed a flying skull
  1448 | D        | Noticed a freezing wraith
  1448 | D        | Noticed an ice devil
  1448 | D        | Noticed a skeletal warrior
  1451 | D        | Noticed an ice devil
  1452 | D        | Killed a freezing wraith
  1453 | D        | Killed a tormentor
  1454 | D        | Noticed an ice beast
  1455 | D        | Killed a flying skull
  1455 | D        | Killed a tormentor
  1457 | D        | Killed a freezing wraith
  1459 | D        | Noticed a hungry ghost
  1459 | D        | Noticed an ice devil
  1462 | D        | Noticed an ice beast
  1462 | D        | Killed a skeletal warrior
  1466 | D        | Killed a freezing wraith
  1466 | D        | Reached skill level 17 in Evocations
  1468 | D        | Killed an ice dragon
  1473 | D        | Killed a hungry ghost
  1475 | D        | Killed an ice dragon
  1475 | D        | Killed an ice devil
  1476 | D        | Killed an ice beast
  1477 | D        | Killed an ice beast
  1481 | D        | Killed an ice devil
  1481 | D        | Killed an ice devil
  1529 | D        | Got the ring "Fobb" {+Fly Str+4}
  1533 | D        | Got the amulet "Upti" {Ward rN+ MP+9}
  1547 | D        | Entered arena 24.
  1562 | D        | Noticed a stone giant
  1562 | D        | Noticed a vault guard
  1562 | D        | Noticed a vault guard
  1562 | D        | Noticed an ancient lich
  1562 | D        | Noticed a lich
  1562 | D        | Noticed a vault guard
  1562 | D        | Noticed a vault guard
  1562 | D        | Noticed a lich
  1562 | D        | Noticed a vault guard
  1563 | D        | Noticed a vault guard
  1563 | D        | Noticed a stone giant
  1563 | D        | Noticed a vault guard
  1563 | D        | Noticed a stone giant
  1563 | D        | Noticed a vault guard
  1563 | D        | Noticed a shadow dragon
  1563 | D        | Noticed a vault guard
  1564 | D        | Noticed a vault guard
  1564 | D        | Noticed a shadow dragon
  1564 | D        | Noticed a vault guard
  1564 | D        | Noticed an ancient lich
  1564 | D        | Noticed a vault guard
  1564 | D        | Noticed a stone giant
  1565 | D        | Noticed a vault guard
  1566 | D        | Noticed a vault guard
  1566 | D        | Noticed a vault guard
  1566 | D        | Killed a vault guard
  1567 | D        | Noticed an ancient lich
  1568 | D        | Killed a vault guard
  1569 | D        | Noticed a shadow dragon
  1570 | D        | Killed a vault guard
  1571 | D        | Noticed a vault guard
  1572 | D        | Noticed a vault guard
  1572 | D        | Noticed a yaktaur captain
  1572 | D        | Noticed a vault guard
  1573 | D        | Noticed a vault guard
  1574 | D        | Noticed a lich
  1574 | D        | Noticed a vault guard
  1575 | D        | Noticed a lich
  1575 | D        | Noticed an ancient lich
  1575 | D        | Noticed a vault guard
  1576 | D        | Noticed a vault guard
  1577 | D        | Noticed a vault guard
  1577 | D        | Noticed a vault guard
  1577 | D        | Noticed a lich
  1577 | D        | Killed an ancient lich
  1577 | D        | Reached skill level 21 in Fighting
  1578 | D        | Noticed a stone giant
  1578 | D        | Noticed a vault guard
  1578 | D        | Noticed a vault guard
  1579 | D        | Noticed a vault guard
  1579 | D        | Killed a shadow dragon
  1579 | D        | Reached skill level 18 in Evocations
  1581 | D        | Killed a vault guard
  1581 | D        | Killed a lich
  1581 | D        | Reached skill level 20 in Shields
  1583 | D        | Killed a vault guard
  1584 | D        | Noticed a Brimstone Fiend
  1585 | D        | Killed a vault guard
  1586 | D        | Killed an ancient lich
  1586 | D        | Reached skill level 21 in Axes
  1586 | D        | Reached skill level 20 in Dodging
  1587 | D        | Killed a vault guard
  1587 | D        | Killed a vault guard
  1589 | D        | Killed a stone giant
  1589 | D        | Killed a vault guard
  1590 | D        | Killed a vault guard
  1591 | D        | Killed a vault guard
  1592 | D        | Noticed an Ice Fiend
  1592 | D        | Killed a vault guard
  1593 | D        | Killed a vault guard
  1594 | D        | Killed a vault guard
  1596 | D        | Killed a vault guard
  1596 | D        | Killed a stone giant
  1597 | D        | Killed a stone giant
  1598 | D        | Noticed an Ice Fiend
  1599 | D        | Noticed a tentacled monstrosity
  1599 | D        | Noticed a tentacled monstrosity
  1599 | D        | Noticed a tentacled monstrosity
  1599 | D        | Killed an ancient lich
  1599 | D        | Reached skill level 19 in Evocations
  1600 | D        | Killed a vault guard
  1601 | D        | Killed an ancient lich
  1601 | D        | Reached skill level 22 in Fighting
  1601 | D        | Reached XP level 18. HP: 201/201 MP: 31/31
  1606 | D        | Killed a stone giant
  1607 | D        | Killed a lich
  1608 | D        | Killed a stone giant
  1608 | D        | Killed a lich
  1608 | D        | Killed a lich
  1608 | D        | Reached skill level 22 in Axes
  1608 | D        | Reached skill level 21 in Shields
  1610 | D        | Killed a vault guard
  1611 | D        | Killed a vault guard
  1611 | D        | Killed a vault guard
  1611 | D        | Killed a vault guard
  1614 | D        | Killed a shadow dragon
  1615 | D        | Killed a shadow dragon
  1615 | D        | Killed a lich
  1616 | D        | Killed a vault guard
  1617 | D        | Killed a vault guard
  1618 | D        | Killed a vault guard
  1619 | D        | Killed a vault guard
  1621 | D        | Killed a vault guard
  1621 | D        | Reached skill level 21 in Dodging
  1623 | D        | Killed a vault guard
  1625 | D        | Killed a yaktaur captain
  1627 | D        | Killed a vault guard
  1629 | D        | Got the ring of the Sunfish {+Inv Str+2 Dex+2}
  1643 | D        | Entered arena 25.
  1657 | D        | Noticed a manticore
  1657 | D        | Noticed a glowing shapeshifter
  1657 | D        | Noticed a glowing shapeshifter
  1657 | D        | Noticed a sea snake
  1657 | D        | Noticed a juggernaut
  1657 | D        | Noticed a boulder beetle
  1657 | D        | Noticed an anaconda
  1657 | D        | Noticed a shard shrike
  1657 | D        | a glowing shapeshifter changed into a shard shrike
  1657 | D        | a glowing shapeshifter changed into a human
  1657 | D        | Noticed a shard shrike
  1657 | D        | a juggernaut changed into a shard shrike
  1657 | D        | a shard shrike changed into a titan
  1657 | D        | an anaconda changed into a wolf spider
  1658 | D        | Noticed a redback
  1658 | D        | Noticed an eye of devastation
  1658 | D        | Noticed a slime creature
  1658 | D        | an eye of devastation changed into a glowing shapeshifter
  1659 | D        | Noticed a shard shrike
  1659 | D        | Noticed a slime creature
  1659 | D        | Noticed a glowing shapeshifter
  1659 | D        | Killed a redback
  1659 | D        | Noticed a shard shrike
  1659 | D        | a glowing shapeshifter changed into a shard shrike
  1660 | D        | Noticed a juggernaut
  1660 | D        | Noticed an orb spider
  1660 | D        | Noticed a juggernaut
  1660 | D        | a shard shrike changed into a juggernaut
  1660 | D        | Noticed a shard shrike
  1660 | D        | a juggernaut changed into a shard shrike
  1660 | D        | a slime creature changed into a cyclops
  1660 | D        | a slime creature changed into a satyr
  1660 | D        | a shard shrike changed into a titan
  1660 | D        | a sea snake changed into a lindwurm
  1660 | D        | a boulder beetle changed into a trapdoor spider
  1662 | D        | Noticed a juggernaut
  1662 | D        | a shard shrike changed into a juggernaut
  1662 | D        | a manticore changed into a tarantella
  1663 | D        | Reached skill level 20 in Evocations
  1663 | D        | Noticed a juggernaut
  1663 | D        | a shard shrike changed into a juggernaut
  1668 | D        | a juggernaut changed into a titan
  1668 | D        | Noticed a shard shrike
  1668 | D        | a juggernaut changed into a shard shrike
  1668 | D        | a juggernaut changed into an iron dragon
  1670 | D        | Noticed a juggernaut
  1670 | D        | a shard shrike changed into a juggernaut
  1671 | D        | Noticed a ghost crab
  1671 | D        | Noticed a caustic shrike
  1671 | D        | a juggernaut changed into a caustic shrike
  1671 | D        | Noticed a juggernaut
  1671 | D        | a titan changed into a juggernaut
  1674 | D        | Reached skill level 23 in Fighting
  1678 | D        | Noticed an eye of devastation
  1683 | D        | a ghost crab changed into a sea snake
  1685 | D        | Noticed a basilisk
  1685 | D        | a juggernaut changed into a titan
  1686 | D        | Noticed a caustic shrike
  1689 | D        | Noticed a golden dragon
  1692 | D        | a caustic shrike changed into an iron dragon
  1693 | D        | a golden dragon changed into a shadow dragon
  1709 | D        | Gained mutation: You are very dopey. (Int -4) [a shining eye]
  1710 | D        | Reached skill level 23 in Axes
  1713 | D        | Reached skill level 21 in Evocations
  1715 | D        | Gained mutation: Potions and wands are less effective at restoring your health. [a shining eye]
  1724 | D        | a basilisk changed into a wyvern
  1727 | D        | Killed an orb spider
  1790 | D        | Entered arena 26.
  1807 | D        | Noticed a wind drake
  1808 | D        | Noticed a glowing shapeshifter
  1808 | D        | Noticed a swamp dragon
  1808 | D        | Noticed a cyclops
  1808 | D        | Noticed a faun
  1808 | D        | Noticed a hippogriff
  1808 | D        | Noticed a death drake
  1808 | D        | Noticed a redback
  1808 | D        | a glowing shapeshifter changed into a giant orange brain
  1808 | D        | a swamp dragon changed into a salamander
  1808 | D        | a cyclops changed into a fire crab
  1808 | D        | a faun changed into a death drake
  1808 | D        | a redback changed into a fire crab
  1809 | D        | Noticed a hill giant
  1809 | D        | Noticed a shard shrike
  1809 | D        | Noticed a soldier ant
  1809 | D        | Noticed a juggernaut
  1809 | D        | Noticed a shock serpent
  1809 | D        | a hippogriff changed into a polar bear
  1809 | D        | a juggernaut changed into a titan
  1810 | D        | Noticed an eye of devastation
  1810 | D        | Noticed a hornet
  1810 | D        | Noticed a caustic shrike
  1810 | D        | Noticed a shard shrike
  1810 | D        | a hill giant changed into a snapping turtle
  1810 | D        | a shard shrike changed into a titan
  1810 | D        | a death drake changed into a faun
  1810 | D        | a shock serpent changed into an anubis guard
  1811 | D        | Noticed a juggernaut
  1811 | D        | Noticed a wolf spider
  1811 | D        | Noticed a fire drake
  1811 | D        | Noticed a golden dragon
  1811 | D        | a caustic shrike changed into a golden dragon
  1812 | D        | Noticed a shard shrike
  1812 | D        | a golden dragon changed into an acid blob
  1812 | D        | a fire drake changed into a queen bee
  1814 | D        | a shard shrike changed into a titan
  1814 | D        | a soldier ant changed into a two-headed ogre
  1815 | D        | an eye of devastation changed into a shining eye
  1815 | D        | a shard shrike changed into a titan
  1816 | D        | Reached skill level 24 in Fighting
  1817 | D        | Noticed a shard shrike
  1817 | D        | a juggernaut changed into a shard shrike
  1818 | D        | Noticed a juggernaut
  1818 | D        | Noticed a shard shrike
  1818 | D        | a titan changed into a shard shrike
  1820 | D        | a wolf spider changed into a slime creature
  1821 | D        | Killed a shard shrike
  1821 | D        | Killed a wind drake
  1822 | D        | Reached skill level 24 in Axes
  1822 | D        | Reached skill level 22 in Evocations
  1825 | D        | Killed a hornet
  1825 | D        | Noticed a golden dragon
  1825 | D        | a juggernaut changed into a golden dragon
  1828 | D        | Noticed a hippogriff
  1829 | D        | a golden dragon changed into a titan
  1829 | D        | Noticed a caustic shrike
  1829 | D        | an acid blob changed into a caustic shrike
  1829 | D        | a shard shrike changed into a titan
  1830 | D        | Noticed a hornet
  1830 | D        | Noticed a golden dragon
  1830 | D        | a titan changed into a golden dragon
  1830 | D        | Noticed a juggernaut
  1830 | D        | a titan changed into a juggernaut
  1831 | D        | a juggernaut changed into a titan
  1833 | D        | Killed a hippogriff
  1834 | D        | a golden dragon changed into an acid blob
  1834 | D        | Noticed a golden dragon
  1834 | D        | an acid blob changed into a golden dragon
  1835 | D        | Noticed a golden dragon
  1835 | D        | an acid blob changed into a golden dragon
  1835 | D        | a caustic shrike changed into a frost giant
  1836 | D        | Noticed a golden dragon
  1839 | D        | Killed a hornet
  1841 | D        | a golden dragon changed into a stone giant
  1842 | D        | a golden dragon changed into a fire giant
  1849 | D        | Reached skill level 25 in Fighting
  1858 | D        | Killed a golden dragon
  1858 | D        | Reached skill level 25 in Axes
  1858 | D        | Reached skill level 23 in Evocations
  1863 | D        | Noticed a shard shrike
  1863 | D        | a titan changed into a shard shrike
  1865 | D        | a shard shrike changed into a titan
  1867 | D        | Reached XP level 19. HP: 118/219 MP: 28/34
  1870 | D        | Noticed a juggernaut
  1870 | D        | a titan changed into a juggernaut
  1871 | D        | Noticed a shard shrike
  1871 | D        | a juggernaut changed into a shard shrike
  1882 | D        | a shard shrike changed into an acid blob
  1901 | D        | Got the ring "Puacs" {Ice rPois Str+2 Stlth+}
  1906 | D        | Got the ring of the Sun {rPois Int-3 Dex+6}
  1911 | D        | Got the ring of Lesser Demons {rF+ Stlth+}
  1923 | D        | Got the ring of Siretod {rC+ MP+9 Int-4 Dex+2 SInv}
  1988 | D        | Entered arena 27.
  1988 | D        | Noticed a vampire
  1996 | D        | Killed a vampire
  1998 | D        | Noticed an iron imp
  2002 | D        | Noticed a tormentor
  2002 | D        | Noticed an iron imp
  2003 | D        | Killed an iron imp
  2003 | D        | Noticed a tormentor
  2004 | D        | Noticed a tormentor
  2004 | D        | Noticed a hell hound
  2006 | D        | Noticed a tormentor
  2006 | D        | Noticed a vampire
  2007 | D        | Noticed a rust devil
  2007 | D        | Noticed a reaper
  2007 | D        | Noticed a tormentor
  2008 | D        | Noticed a rust devil
  2009 | D        | Noticed a freezing wraith
  2009 | D        | Noticed a rust devil
  2009 | D        | Killed a tormentor
  2010 | D        | Noticed a rust devil
  2011 | D        | HP: 11/221 [??? (5)]
  2012 | D        | Noticed a rust devil
  2012 | D        | Noticed a phantasmal warrior
  2012 | D        | Killed a hell hound
  2013 | D        | Noticed a hellion
  2013 | D        | Noticed a bone dragon
  2014 | D        | Noticed a blue devil
  2014 | D        | Killed an iron imp
  2015 | D        | Killed a tormentor
  2015 | D        | Killed from afar by a hellion

Table legend:
 A = Turns spent in this place as a percentage of turns spent in the entire game.
 B = Non-inter-level travel turns spent in this place as a percentage of non-inter-level travel turns spent in the entire game.
 C = Inter-level travel turns spent in this place as a percentage of turns spent in this place.
 D = Turns resting spent in this place as a percentage of non-inter-level travel turns spent in this place.
 E = Turns spent auto-exploring this place as a percentage of non-inter-level travel turns spent in this place.
 F = Non-inter-level travel turns spent in this place divided by the number of levels of this place that you've seen.
                   A       B       C       D       E      F
               +-------+-------+-------+-------+-------+----------------------
         Total | 100.0 | 100.0 |   0.0 |   0.7 |   0.0 | 2209.0
       Dungeon | 100.0 | 100.0 |   0.0 |   0.7 |   0.0 | 2209.0
               +-------+-------+-------+-------+-------+----------------------

Table legend:
 A = Kills in this place as a percentage of kills in entire the game.
 B = Kills by you in this place as a percentage of kills by you in the entire game.
 C = Kills by friends in this place as a percentage of kills by friends in the entire game.
 D = Other kills in this place as a percentage of other kills in the entire game.
 E = Experience gained in this place as a percentage of experience gained in the entire game.
 F = Experience gained in this place divided by the number of levels of this place that you have seen.
                   A       B       C       D       E      F
               +-------+-------+-------+-------+-------+----------------------
         Total | 100.0 | 100.0 | 100.0 | 100.0 | 100.0 | 324549.0
       Dungeon | 100.0 | 100.0 | 100.0 | 100.0 | 100.0 | 324549.0
               +-------+-------+-------+-------+-------+----------------------

Vanquished Creatures
  6 ancient liches (D)
  A greater mummy (D)
  A shard shrike (shapeshifter) (D)
  A golden dragon (shapeshifter) (D)
  5 liches (D)
  An acid blob (shapeshifter) (D)
  2 titans (D)
  A quicksilver dragon (shapeshifter) (D)
  3 titans (shapeshifter) (D)
  An acid blob (D)
  A sphinx (shapeshifter) (D)
  5 shadow dragons (D)
  A thorn hunter (D)
  A draconian monk (D)
  3 azure jellies (D)
  An azure jelly (shapeshifter) (D)
  2 frost giants (shapeshifter) (D)
  A draconian knight (D)
  A draconian scorcher (D)
  2 fire giants (shapeshifter) (D)
  4 frost giants (D)
  4 fire giants (D)
  2 ghouls (D)
  2 spriggan defenders (D)
  A draconian annihilator (D)
  A draconian caller (D)
  8 stone giants (D)
  2 green draconians (D)
  2 black draconians (D)
  3 white draconians (D)
  9 red draconians (D)
  2 yellow draconians (D)
  7 mottled draconians (D)
  3 purple draconians (D)
  31 vault guards (D)
  2 merfolk javelineers (D)
  3 death oozes (D)
  4 mummy priests (D)
  5 ettins (D)
  2 yaktaur captains (D)
  A merfolk impaler (D)
  2 ice dragons (D)
  A great orb of eyes (shapeshifter) (D)
  A great orb of eyes (D)
  A hydra (shapeshifter) (D)
  3 spriggan air magi (D)
  2 satyrs (D)
  A catoblepas (shapeshifter) (D)
  A merfolk aquamancer (D)
  A death yak (shapeshifter) (D)
  A death yak (D)
  An alligator (shapeshifter) (D)
  3 vampire magi (D)
  A spriggan berserker (D)
  A sun demon (D)
  A fire crab (D)
  4 ice devils (D)
  5 skeletal warriors (D)
  A deep troll (shapeshifter) (D)
  A spriggan druid (D)
  2 giant orange brains (shapeshifter) (D)
  A giant orange brain (D)
  3 hill giants (shapeshifter) (D)
  2 unseen horrors (shapeshifter) (D)
  2 lindwurms (shapeshifter) (D)
  A harpy (shapeshifter) (D)
  An orb spider (shapeshifter) (D)
  3 hill giants (D)
  5 hornets (shapeshifter) (D)
  2 orb spiders (D)
  A necromancer (D)
  A shining eye (shapeshifter) (D)
  2 cyclopes (shapeshifter) (D)
  3 wolf spiders (D)
  2 wolf spiders (shapeshifter) (D)
  2 water nymphs (shapeshifter) (D)
  A faun (D)
  5 shining eyes (D)
  4 hornets (D)
  A salamander (shapeshifter) (D)
  5 cyclopes (D)
  A water nymph (D)
  A moth of wrath (D)
  A black mamba (D)
  3 eyes of devastation (D)
  2 spiny frogs (D)
  A black mamba (shapeshifter) (D)
  A spiny frog (shapeshifter) (D)
  4 komodo dragons (D)
  A yaktaur (D)
  A demonic crawler (D)
  3 guardian mummies (D)
  A dryad (D)
  2 merfolk (shapeshifter) (D)
  3 komodo dragons (shapeshifter) (D)
  2 hellwings (D)
  A blue devil (D)
  5 tormentors (D)
  2 jumping spiders (D)
  3 freezing wraiths (D)
  2 trolls (shapeshifter) (D)
  3 wind drakes (shapeshifter) (D)
  4 merfolk (D)
  3 blink frogs (D)
  A snapping turtle (D)
  5 shadows (D)
  A slime creature (shapeshifter) (D)
  A flying skull (D)
  10 slime creatures (D)
  A yak (shapeshifter) (D)
  3 yaks (D)
  5 redbacks (shapeshifter) (D)
  2 vampires (D)
  A water elemental (D)
  A tarantella (shapeshifter) (D)
  3 small abominations (D)
  2 wyverns (D)
  A tarantella (D)
  2 wyverns (shapeshifter) (D)
  5 hippogriffs (D)
  2 golden eyes (D)
  A hungry ghost (D)
  A wolf (D)
  A water moccasin (D)
  4 hell hounds (D)
  2 ice beasts (D)
  2 necrophages (D)
  An eye of draining (shapeshifter) (D)
  2 eyes of draining (D)
  A spider (D)
  A wasp (D)
  A centaur (D)
  A centaur (shapeshifter) (D)
  2 porcupines (D)
  4 phantoms (D)
  2 crocodiles (shapeshifter) (D)
  6 wights (D)
  A crimson imp (D)
  6 jellies (D)
  3 iron imps (D)
  2 iguanas (D)
  A hound (shapeshifter) (D)
  2 quasits (D)
  A sheep (D)
  2 mummies (D)
  An adder (D)
  A river rat (D)
  A shadow imp (D)
  4 giant eyeballs (D)
  2 ufetubi (D)
  4 white imps (D)
  3 oozes (D)
  An ooze (shapeshifter) (D)
  6 adder skeletons (D)
  9 adder zombies (D)
  A worm (shapeshifter) (D)
  3 bat skeletons (D)
  8 bat zombies (D)
  A goblin (shapeshifter) (D)
  A jackal (shapeshifter) (D)
  A ball python (D)
  2 ball python skeletons (D)
  A ball python zombie (D)
  A giant cockroach (shapeshifter) (D)
  3 giant cockroach zombies (D)
  A giant gecko zombie (D)
  2 jackal skeletons (D)
  2 jackal zombies (D)
  2 quokka skeletons (D)
  A quokka zombie (D)
  A butterfly (D)
428 creatures vanquished.

Vanquished Creatures (collateral kills)
  A quicksilver dragon (shapeshifter) (D)
  3 titans (shapeshifter) (D)
  An iron dragon (shapeshifter) (D)
  A satyr (shapeshifter) (D)
  A lindwurm (shapeshifter) (D)
  A wolf spider (shapeshifter) (D)
  A salamander (shapeshifter) (D)
  A mana viper (shapeshifter) (D)
  A moth of wrath (shapeshifter) (D)
  2 manticores (shapeshifter) (D)
  A black mamba (shapeshifter) (D)
  A torpor snail (shapeshifter) (D)
  A komodo dragon (shapeshifter) (D)
  A guardian mummy (D)
  A queen bee (shapeshifter) (D)
  A giant leech (shapeshifter) (D)
  A wind drake (shapeshifter) (D)
  2 polar bears (shapeshifter) (D)
  A jumping spider (shapeshifter) (D)
  A redback (shapeshifter) (D)
  A hippogriff (shapeshifter) (D)
  A soldier ant (shapeshifter) (D)
  An eye of draining (shapeshifter) (D)
  An ice beast (shapeshifter) (D)
28 creatures vanquished.

Vanquished Creatures (others)
  2 liches (D)
  A stone giant (D)
  A hornet (shapeshifter) (D)
  A black mamba (shapeshifter) (D)
  A merfolk (shapeshifter) (D)
  A boulder beetle (D)
  A basilisk (shapeshifter) (D)
  A crocodile (shapeshifter) (D)
  An ufetubus (D)
10 creatures vanquished.

Grand Total: 466 creatures vanquished
